 Dungeon Crawl Stone Soup version 0.32-a0-928-g1cae6b7ea0 (webtiles) character file.

Game seed: 13671431320158858851

2 MachoJfn the Firebug (level 1, 16/16 HPs)
             Began as an Oni Fire Elementalist on Apr 12, 2024.
             Quit the game on level 1 of the Dungeon.
             The game lasted 00:00:59 (142 turns).

MachoJfn the Firebug (Oni Fire Elementalist)         Turns: 142, Time: 00:00:59

Health: 16/16      AC:  3    Str: 11    XL:     1   Next: 40%
Magic:  0/3        EV:  8    Int: 16    God:
Gold:   18         SH:  0    Dex:  9    Spells: 3/4 levels left

rFire   . . .        (no weapon)
rCold   . . .        (no shield)
rNeg    . . .        a - +0 robe
rPois   .            (helmet restricted)
rElec   .            (no cloak)
rCorr   .            (gloves unavailable)
SInv    .            (boots unavailable)
Will    .....        (no amulet)
Stlth   +            (no ring)
HPRegen 0.22/turn    (no ring)
MPRegen 0.08/turn

%: no passive effects
@: very slightly contaminated
A: large, unfitting armour, horns 1, tough skin 1, double potion healing,
drunken brawling
a: no special abilities


You were on level 1 of the Dungeon.
You visited 1 branch of the dungeon, and saw 1 of its levels.

You collected 18 gold pieces.

Inventory:

Armour
 a - a +0 robe (worn)
Potions
 b - a potion of magic


   Skills:
 + Level 1.7 Dodging
 + Level 1.4 Stealth
 + Level 2.4 Spellcasting
 + Level 0.8 Conjurations
 + Level 2.9 Fire Magic


You had 3 spell levels left.
You knew the following spells:

 Your Spells              Type           Power      Damage    Failure   Level
a - Foxfire               Conj/Fire      28%        2x1d5     10%         1

Your spell library contained the following spells:

 Spells                   Type           Power      Damage    Failure   Level
 Scorch                   Fire           22%        2d5       9%          2
 Inner Flame              Hex/Fire       6%         N/A       32%         3
 Volatile Blastmotes      Fire/Tloc      12%        2d11      32%         3
 Flame Wave               Conj/Fire      7%         2d5       67%         4


Dungeon Overview and Level Annotations

Branches:
Dungeon (1/15)

Altars:


Innate Abilities, Weirdness & Mutations

You are too large for most types of armour.
You have a pair of small horns on your head.
You have tough skin. (AC +1)
You gain doubled healing and magic from potions.
Whenever you drink a healing potion, you attack all around you.


Message History

Confirm with . or Enter, or press ? or * to list all spells.
You conjure some foxfire!
The foxfire hits the frilled lizard.
You kill the frilled lizard!
Your foxfire dissipates!
You now have 18 gold pieces.
Okay, then.
You see here a frilled lizard corpse.
A rat comes into view.
The rat moves out of view.
A rat is nearby!
You barely miss the rat. Your headbutt misses the rat. The rat bites you.
You hit the rat. Your headbutt misses the rat. Your punch misses the rat.
The rat is severely wounded.
The rat closely misses you.
You completely miss the rat.
The rat is severely wounded.
The rat bites you.
You hit the rat but do no damage.
The rat is severely wounded.
The rat bites you but does no damage.
You hit the rat.
You kill the rat!
You see here a rat corpse.
HP restored.
A hobgoblin comes into view.
Casting: Foxfire (safe; 10% risk of failure)
Confirm with . or Enter, or press ? or * to list all spells.
You miscast Foxfire.
You are very lightly contaminated with residual magic.
Nothing appears to happen.
The hobgoblin shouts!
Casting: Foxfire (safe; 10% risk of failure)
Confirm with . or Enter, or press ? or * to list all spells.
You miscast Foxfire.
Nothing appears to happen.
Casting: Foxfire (safe; 10% risk of failure)
Confirm with . or Enter, or press ? or * to list all spells.
You conjure some foxfire!
The foxfire hits the hobgoblin.
The hobgoblin is moderately wounded.
Are you sure you want to abandon this character and quit the game? (Confirm with "yes".)

♣..## ~~~~....~~~♣♣#...
~~~~~...~P~♣♣....
P~P~..~~~♣♣.....
♣P.~.P~♣♣##....
#♣P..~♣~# #.... #....~~#
#....
...#######.#..~♣####....
....g§§@v......†........
...##############.......
#....... #..†....
####.### #.# #.# #.# #.#


You could see a hobgoblin (ally target).

Vanquished Creatures
  An endoplasm (D:1)
  A frilled lizard (D:1)
  A rat (D:1)
3 creatures vanquished.

Vanquished Creatures (others)
  7 foxfires (D:1)
7 creatures vanquished.

Grand Total: 10 creatures vanquished

Notes
Turn   | Place    | Note
-------+----------+-------------------------------------------
     0 | D:1      | MachoJfn the Oni Fire Elementalist began the quest for the
                  | Orb.
     0 | D:1      | Reached XP level 1. HP: 16/16 MP: 3/3
     2 | D:1      | Noticed a barachi
     2 | D:1      | Noticed a djinni
     4 | D:1      | Noticed an armataur
     4 | D:1      | Noticed a vampire
     6 | D:1      | Noticed a draconian
     6 | D:1      | Noticed an oni
     8 | D:1      | Noticed a troll
     8 | D:1      | Noticed a human
    10 | D:1      | Noticed a demigod
    12 | D:1      | Noticed a minotaur
    12 | D:1      | Noticed an octopode
    14 | D:1      | Noticed a felid
    16 | D:1      | Noticed a gargoyle
    16 | D:1      | Noticed a naga
    18 | D:1      | Noticed a dwarf
    18 | D:1      | Noticed an elf
    20 | D:1      | Noticed a ghoul
    20 | D:1      | Noticed a formicid
    22 | D:1      | Noticed a spriggan
    22 | D:1      | Noticed a vine stalker
    24 | D:1      | Noticed a merfolk
    26 | D:1      | Noticed a demonspawn
    28 | D:1      | Noticed a tengu
   142 | D:1      | Quit the game

Illustrated notes

Levels and vault maps discovered:
D:1:      kb_arrival_jail, layout_basic, serial_bayou_ford_a,
          minmay_pentomino_q2

Action                     || total
---------------------------++-------
  Melee: Unarmed           ||     5
   Cast: Foxfire           ||     5
 Armour: Robe              ||     5
  Dodge: Dodged            ||     1

Table legend: (Time is in decaauts)
 A = Elapsed time spent in this place.
 B = Non-inter-level travel time spent in this place.
 C = Inter-level travel time spent in this place.
 D = Time resting spent in this place.
 E = Time spent auto-exploring this place.
 F = Levels seen in this place.
 G = Mean time per level.
                   A        B        C        D        E       F      G
               +--------+--------+--------+--------+--------+-----+--------+
         Total |    142 |    142 |      0 |      0 |     90 |   1 |  142.0 |
       Dungeon |    142 |    142 |      0 |      0 |     90 |   1 |  142.0 |
               +--------+--------+--------+--------+--------+-----+--------+

Top non-repeatable levels by time:
     D:1: 142 daAuts
